 Dungeon Crawl Stone Soup version 0.24-a0-189-g5d897e9104 (webtiles) character file.

Game seed: 289929841809331600

12 MrRokkomies the Sneak (level 2, 0/19 HPs)
             Began as an Octopode Assassin on Mar 16, 2019.
             Slain by an adder (3 damage)
             ... on level 2 of the Dungeon.
             The game lasted 00:01:05 (495 turns).

MrRokkomies the Sneak (Octopode Assassin)            Turns: 495, Time: 00:01:06

Health: 0/19       AC:  1    Str: 10    XL:     2   Next: 33%
Magic:  2/2        EV: 13    Int: 13    God:
Gold:   74         SH:  0    Dex: 13    Spells: 1/1 levels left

rFire    . . .     SeeInvis .   a - +2 dagger
rCold    . . .     Gourm    .   (no shield)
rNeg     . . .     Faith    .   (helmet restricted)
rPois    .         Spirit   .   (no amulet)
rElec    .         Reflect  .   (no ring)
rCorr    .         Harm     .   (no ring)
MR       .....                  (no ring)
Stlth    ++++......             (no ring)
HPRegen  0.06/turn              (no ring)
MPRegen  0.08/turn              (no ring)
                                (no ring)
                                (no ring)

@: no status effects
A: almost no armour, stealthy swim, amphibious, 8 rings, constrict 8, camouflage
1, gelatinous body 1
a: no special abilities


You were on level 2 of the Dungeon.
You were not hungry.

You visited 1 branch of the dungeon, and saw 2 of its levels.

You collected 74 gold pieces.

Inventory:

Hand Weapons
 a - a +2 dagger (weapon)
 b - a +0 blowgun
Missiles
 c - 21 poisoned needles
 d - 2 curare-tipped needles
 k - 36 stones (quivered)
Scrolls
 h - 2 scrolls of remove curse {unknown}
 i - 3 scrolls of identify {unknown}
 j - a scroll of noise {unknown}
Potions
 e - a potion of flight {unknown}
 g - 2 potions of lignification {unknown}
 l - a potion of agility {unknown}
Comestibles
 f - 4 rations


   Skills:
 - Level 2.0 Fighting
 * Level 2.4 Short Blades
 * Level 2.4 Throwing
 - Level 1.0 Dodging
 + Level 5.5 Stealth


You had one spell level left.
You didn't know any spells.
Your spell library was empty.

Dungeon Overview and Level Annotations

Branches:
Dungeon (2/15)

Altars:


Innate Abilities, Weirdness & Mutations

You cannot wear most types of armour.
You are very stealthy in the water. (Stealth+)
You are amphibious.
You can wear up to eight rings at the same time.
You can use your tentacles to constrict eight enemies at once.
Your skin changes colour to match your surroundings (Stealth+).
Your rubbery body absorbs attacks. (AC +1, EV +1)


Message History

A quokka is nearby!
A frilled lizard, an adder and a hobgoblin come into view.
The adder hisses angrily.
The frilled lizard hisses angrily.
The quokka misses you.
You closely miss the quokka. You grab the quokka.
You constrict the quokka, but do no damage.
The quokka twitches its whiskers.
The quokka bites you but does no damage.
You completely miss the adder. Your grab misses the adder.
Your squeeze misses the adder. You constrict the quokka. The adder bites you.
The quokka bites you. The adder barely misses you.
You hit the quokka.
The quokka is moderately wounded.
You constrict the quokka.
The quokka twitches its whiskers.
The quokka bites you. The adder closely misses you. The quokka bites you.
You release your grip on the quokka.
The hobgoblin hits you with a +0 club.
* * * LOW HITPOINT WARNING * * *
The adder bites you.
You die...

##################
#(................
#.################
#.################
#.##..............
#.#.....)<########
###@#########
#.g.S......
......r.l......
##.##.#.####### #
#.#.# ..... #. #..
#. ###


You could see an adder, a quokka, a hobgoblin and a frilled lizard.

Vanquished Creatures
  A leopard gecko (D:1)
  A ball python (D:1)
  A goblin (D:1)
  A hobgoblin (D:1)
  3 kobolds
  2 bats (D:1)
  A frilled lizard (D:1)
  A rat (D:1)
11 creatures vanquished.

Notes
Turn   | Place    | Note
-------+----------+-------------------------------------------
     0 | D:1      | MrRokkomies the Octopode Assassin began the quest for the
                  | Orb.
     0 | D:1      | Reached XP level 1. HP: 14/14 MP: 1/1
   160 | D:1      | Reached XP level 2. HP: 19/19 MP: 2/2
   495 | D:2      | Slain by an adder

Levels and vault maps discovered:
D:1:      roderic_dead_forest, layout_rooms, minivault_26
D:2:      minmay_diamond_boxcup, layout_basic, old_standard_altar

Action                   || total
-------------------------++-------
Melee: Dagger            ||    30
       Constrict         ||     5
       Tentacles         ||     1
 Stab: Sleeping          ||     4
Armor: Skin              ||     2
Dodge: Dodged            ||    19

Table legend:
 A = Non-vault XP
 B = Vault XP
 C = Vault XP percentage of total XP
 D = Non-vault monster count
 E = Vault monster count
 F = Vault count percentage of total count
                 A         B        C        D         E       F
            +---------+---------+-------+---------+---------+-------
      Total |      18 |       0 |   0.0 |      11 |       0 |   0.0
            +---------+---------+-------+---------+---------+-------
        D:1 |      17 |       0 |   0.0 |      10 |       0 |   0.0
        D:2 |       1 |       0 |   0.0 |       1 |       0 |   0.0
            +---------+---------+-------+---------+---------+-------
